 Dungeon Crawl Stone Soup version 0.31.0-9-g3a7656b989 (webtiles) character file.

Game seed: 9482464279292001796

1450 qw the Skirmisher (level 8, -7/46 HPs)
             Began as a Deep Elf Hunter on Feb 3, 2024.
             Was a Follower of Okawaru.
             Mangled by an orc warrior
             ... wielding a +0 glaive
              (16 damage)
             ... on level 6 of the Dungeon.
             The game lasted 00:00:27 (4295 turns).

qw the Skirmisher (Deep Elf Hunter)                 Turns: 4295, Time: 00:00:28

Health: -7/46      AC: 12    Str: 10    XL:     8   Next: 47%
Magic:  12/12      EV: 10    Int: 15    God:    Okawaru [*.....]
Gold:   283        SH:  0    Dex: 22    Spells: 7/7 levels left

rFire   + + .        a - +1 shortbow
rCold   . . .        (shield currently unavailable)
rNeg    . . .        i - +4 scale mail of Ralapif {rPois rF+ Dex+4}
rPois   +            (no helmet)
rElec   .            l - +0 cloak
rCorr   .            (no gloves)
SInv    .            j - +0 pair of boots
Will    +....        p - amulet of regeneration
Stlth   +            h - ring of willpower
HPRegen 1.07/turn    d - ring of protection from fire
MPRegen 0.13/turn

%: no passive effects
@: no status effects
A: no striking features
a: Renounce Religion, Heroism


You were on level 6 of the Dungeon.
You worshipped Okawaru.
Okawaru was aware of your devotion.
You visited 2 branches of the dungeon, and saw 7 of its levels.

You collected 283 gold pieces.


   Skills:
 - Level 3.0 Fighting
 + Level 12.5 Ranged Weapons
 - Level 1.3 Armour
 - Level 3.3 Dodging
 - Level 1.2 Stealth
 + Level 3.9 Invocations


You had 7 spell levels left.
You didn't know any spells.
Your spell library was empty.

Inventory:

Hand Weapons
 a - a +1 shortbow (weapon)
Armour
 i - the +4 scale mail of Ralapif (worn) {rPois rF+ Dex+4}
   (You acquired it on level 3 of the Dungeon)

   Dex+4:     It affects your dexterity (+4).
   rF+:       It protects you from fire.
   rPois:     It protects you from poison
 j - a +0 pair of boots (worn)
 l - a +0 cloak (worn)
Jewellery
 d - a ring of protection from fire (right hand)
 h - a ring of willpower (left hand)
 p - an amulet of regeneration (around neck)
Wands
 o - a wand of mindburst (15)
 s - a wand of paralysis (10)
Scrolls
 c - a scroll of identify
 r - a scroll of enchant armour {unknown}
Potions
 b - a potion of magic {unknown}
 e - a potion of resistance {unknown}
 f - a potion of curing {unknown}
 g - a potion of enlightenment {unknown}
 k - a potion of might {unknown}
 m - a potion of cancellation {unknown}
 n - a potion of lignification {unknown}
 q - a potion of mutation {unknown}
 t - a potion of brilliance {unknown}

Dungeon Overview and Level Annotations

Branches:
Dungeon (6/15)             Temple (1/1) D:4

Altars:
Ashenzari
Cheibriados
Dithmenos
Elyvilon
Fedhas
Gozag
Kikubaaqudgha
Makhleb
Nemelex Xobeh
Okawaru
Qazlal
Ru
Trog
Vehumet
Wu Jian
Xom
Yredelemnul
Zin
The Shining One

Annotations:
D:3 1 runed translucent door, qw's ghost, amateur DjHu


Message History

You shoot an arrow.
The arrow completely misses the orc warrior.
The orc warrior hits you from afar with a +0 glaive.
You shoot an arrow.
The arrow closely misses the orc warrior.
The orc warrior hits you from afar with a +0 glaive!
You shoot an arrow.
The arrow hits the orc warrior but does no damage.
The orc warrior closely misses you.
You shoot an arrow.
The arrow hits the orc warrior but does no damage.
The orc warrior hits you from afar with a +0 glaive!!
You shoot an arrow.
The arrow barely misses the orc warrior.
The orc warrior hits you but does no damage.
You shoot an arrow.
The arrow barely misses the orc warrior.
The orc warrior barely misses you.
You shoot an arrow.
The arrow hits the orc warrior but does no damage.
The orc warrior closely misses you.
You shoot an arrow.
The arrow hits the orc warrior but does no damage.
The orc warrior hits you from afar with a +0 glaive.
You shoot an arrow. The arrow hits the orc warrior.
The orc warrior is lightly wounded.
The orc warrior barely misses you.
You shoot an arrow. The arrow hits the orc warrior.
The orc warrior is moderately wounded.
The orc warrior completely misses you.
You shoot an arrow. The arrow hits the orc warrior!
The orc warrior is heavily wounded.
The orc warrior hits you from afar with a +0 glaive!
You shoot an arrow.
The arrow barely misses the orc warrior.
The orc warrior closely misses you.
You shoot an arrow. The arrow hits the orc warrior.
The orc warrior is heavily wounded.
The orc warrior hits you from afar with a +0 glaive!
You die...

######
#.%@.#
#8o8#.####
#...#....#
#8.8####.##
~~... #..#
~~~8.8
##.##
~~~~#+#
#..# ~~.#
##.# #.#


You could see an orc warrior.

Vanquished Creatures
  Sigmund (D:3)
  Menkaure (D:5)
  A black bear (D:6)
  An ogre (D:5)
  A phantom (D:5)
  A bullfrog (D:4)
  A howler monkey (D:4)
  A bombardier beetle (D:6)
  2 hounds (D:5)
  2 jellies
  An orc priest (D:5)
  A gnoll bouda (D:6)
  A sleepcap (D:6)
  Ijyb (D:5)
  Jessica (D:3)
  3 iguanas
  5 orc wizards
  Natasha (thrice) (D:3)
  8 gnolls
  8 adders
  A ribbon worm (D:3)
  3 dart slugs
  9 orcs
  8 ball pythons
  7 endoplasms
  5 giant cockroaches
  3 hobgoblins
  6 jackals
  A quokka (D:1)
  4 bats
  3 frilled lizards
  8 goblins
  8 kobolds
  3 rats
113 creatures vanquished.

Notes
Turn   | Place    | Note
-------+----------+-------------------------------------------
     0 | D:1      | qw the Deep Elf Hunter began the quest for the Orb.
     0 | D:1      | Reached XP level 1. HP: 12/12 MP: 3/3
     0 | D:1      | 0 ||| qw: Version: 0.3-a-155-g5e7d8dd
     0 | D:1      | 0 ||| qw: Game counter: 2995
     0 | D:1      | 0 ||| qw: Melee chars always use a shield: true
     0 | D:1      | 0 ||| qw: God list: Okawaru
     0 | D:1      | 0 ||| qw: Allow faded altars: false
     0 | D:1      | 0 ||| qw: Do Orc after clearing Dungeon:15 true
     0 | D:1      | 0 ||| qw: Do second Lair branch before Depths: true
     0 | D:1      | 0 ||| qw: Lair rune preference: random
     0 | D:1      | 0 ||| qw: Goals: Normal
     0 | D:1      | 0 ||| PLANNING D:1-11
   170 | D:1      | Reached skill level 6 in Ranged Weapons
   170 | D:1      | Reached XP level 2. HP: 16/16 MP: 4/4
   441 | D:1      | 441 ||| UPGRADING to +2 leather armour of cold resistance.
   451 | D:1      | 451 ||| DROPPING +0 leather armour.
   452 | D:1      | 452 ||| UPGRADING to ring of willpower.
   453 | D:1      | 453 ||| READING scroll labelled ICEGATHROOV.
   453 | D:1      | 453 ||| IDENTIFYING bubbling brown potion
   454 | D:1      | 454 ||| READING scroll labelled LOTOMEWOTA.
   455 | D:1      | 455 ||| DROPPING scroll of butterflies.
   456 | D:1      | 456 ||| DROPPING potion of berserk rage.
   468 | D:2      | 468 ||| STAIRDANCE
   473 | D:2      | 473 ||| STAIRDANCE
   484 | D:2      | 484 ||| STAIRDANCE
   488 | D:1      | Reached XP level 3. HP: 20/20 MP: 5/5
   689 | D:2      | Reached skill level 7 in Ranged Weapons
   693 | D:2      | Found a white marble altar of Elyvilon.
   840 | D:2      | Reached XP level 4. HP: 12/25 MP: 6/6
  1236 | D:2      | 1236 ||| UPGRADING to ring of protection from fire.
  1353 | D:3      | Found a shadowy altar of Dithmenos.
  1353 | D:3      | Found a stormy altar of Qazlal.
  1457 | D:3      | Noticed Sigmund
  1457 | D:3      | You fall into a shaft and drop 2 floors!
  1457 | D:5      | Entered Level 5 of the Dungeon
  1459 | D:5      | Noticed a phantom
  1474 | D:5      | HP: 5/25 [phantom (7)]
  1477 | D:5      | Killed a phantom
  1478 | D:5      | Reached skill level 8 in Ranged Weapons
  1478 | D:5      | Reached XP level 5. HP: 7/29 MP: 7/7
  1568 | D:5      | 1568 ||| READING scroll labelled HODUQE RYAPT.
  1568 | D:5      | 1568 ||| ENCHANTING +0 shortbow.
  1575 | D:4      | 1575 ||| FLEEEEING.
  1576 | D:4      | 1576 ||| STAIRDANCE
  1642 | D:3      | Noticed Natasha
  1646 | D:3      | 1646 ||| FLEEEEING.
  1647 | D:3      | 1647 ||| FLEEEEING.
  1648 | D:3      | 1648 ||| FLEEEEING.
  1649 | D:3      | 1649 ||| FLEEEEING.
  1650 | D:3      | 1650 ||| FLEEEEING.
  1658 | D:3      | Killed Natasha
  1758 | D:3      | Killed Sigmund
  1759 | D:3      | Reached skill level 10 in Ranged Weapons
  1759 | D:3      | Reached XP level 6. HP: 34/34 MP: 8/8
  1794 | D:3      | Noticed Natasha
  1801 | D:3      | Killed Natasha
  1853 | D:3      | Found a runed translucent door.
  1855 | D:3      | Noticed qw's ghost (amateur DjHu)
  1887 | D:3      | Found a faded altar of an unknown god.
  1954 | D:3      | Noticed Jessica
  1957 | D:3      | Killed Jessica
  1958 | D:3      | Reached skill level 3 in Dodging
  2004 | D:3      | Noticed Natasha
  2009 | D:3      | Killed Natasha
  2317 | D:3      | 2317 ||| UPGRADING to +0 pair of boots.
  2322 | D:3      | 2322 ||| UPGRADING to +0 cloak.
  2327 | D:3      | 2327 ||| READING scroll labelled URIANE LIORAEN.
  2327 | D:3      | Identified a scroll of acquirement
  2327 | D:3      | 2327 ||| ACQUIRING +4 scale mail of Ralapif {rPois rF+
                  | Dex+4}
  2327 | D:3      | Acquired the +4 scale mail of Ralapif {rPois rF+ Dex+4}
  2329 | D:3      | 2329 ||| DROPPING +0 scale mail.
  2330 | D:3      | 2330 ||| UPGRADING to +4 scale mail of Ralapif {rPois rF+
                  | Dex+4}.
  2340 | D:3      | 2340 ||| DROPPING +2 leather armour of cold resistance.
  2389 | D:4      | 2389 ||| STAIRDANCE
  2399 | D:4      | 2399 ||| STAIRDANCE
  2452 | D:4      | Reached skill level 1 in Armour
  2473 | D:4      | Found a staircase to the Ecumenical Temple.
  2474 | D:4      | 2474 ||| PLANNING TEMPLE
  2474 | D:4      | 2474 ||| READING scroll labelled YDABRU ZUNNO.
  2475 | D:4      | 2475 ||| READING scroll labelled KEBOFE NUHELOU.
  2486 | Temple   | Entered the Ecumenical Temple
  2487 | Temple   | 2487 ||| PLANNING OKAWARU WORSHIP
  2500 | Temple   | Became a worshipper of Warmaster Okawaru
  2501 | Temple   | 2501 ||| PLANNING D:1-11
  2594 | D:4      | Reached XP level 7. HP: 34/40 MP: 9/9
  2697 | D:4      | Found a sparkling altar of Nemelex Xobeh.
  2987 | D:4      | 2987 ||| UPGRADING to amulet of regeneration.
  2992 | D:4      | 2992 ||| READING scroll of identify.
  2992 | D:4      | 2992 ||| IDENTIFYING brown potion
  2993 | D:4      | 2993 ||| READING scroll labelled VIUVEF GASIA.
  2994 | D:4      | 2994 ||| DROPPING potion of degeneration.
  3050 | D:5      | HP: 10/40 [ogre/+0 giant club (15)]
  3052 | D:5      | Reached skill level 11 in Ranged Weapons
  3280 | D:5      | Reached * piety under Okawaru
  3433 | D:5      | Reached skill level 1 in Invocations
  3458 | D:5      | Noticed Menkaure
  3459 | D:5      | 3459 ||| INVOKING Heroism.
  3464 | D:5      | Killed Menkaure
  3465 | D:5      | Reached skill level 12 in Ranged Weapons
  3465 | D:5      | Reached XP level 8. HP: 44/44 MP: 8/11
  3781 | D:5      | Noticed Ijyb
  3783 | D:5      | Paralysed by Ijyb for 5 turns
  3805 | D:5      | Killed Ijyb
  3817 | D:5      | 3817 ||| READING scroll of identify.
  3817 | D:5      | 3817 ||| IDENTIFYING glowing brown potion
  3818 | D:5      | 3818 ||| READING scroll labelled DIPSAA AVISSEPT.
  3819 | D:5      | 3819 ||| DROPPING potion of invisibility.
  3866 | D:6      | 3866 ||| RETREEEEATING.
  3867 | D:6      | 3867 ||| RETREEEEATING.
  3868 | D:6      | 3868 ||| RETREEEEATING.
  3888 | D:6      | Reached skill level 3 in Invocations
  3925 | D:6      | Reached skill level 3 in Fighting
  4006 | D:6      | Found a sacrificial altar of Ru.
  4286 | D:6      | HP: 10/46 [orc warrior/+0 glaive (18)]
  4293 | D:6      | HP: 7/46 [orc warrior/+0 glaive (11)]
  4295 | D:6      | Mangled by an orc warrior

Levels and vault maps discovered:
D:1:      amcnicky_arrival_underground_garden, layout_rooms
D:2:      layout_loops_ring, basic_altar, dreamdust_princess_corridor
D:3:      layout_basic, jmf_multi_god_temple,
          dreamdust_ecumenical_altar_hidden_monk_grotto,
          ebering_ghost_reflecting_pool, mrwooster_statue_mirror,
          chequers_serial_rivers_micro_e, uniq_natasha, uniq_sigmund,
          uniq_jessica
D:4:      layout_cave_pools, mainiacjoe_overflow_boulevard,
          minmay_temple_entry_mini_moons
D:5:      layout_gridville, uniq_menkaure, uniq_ijyb
D:6:      layout_rooms, nicolae_ru_great_annihilating_truth,
          kennysheep_orc_sif_temple, uniq_crazy_yiuf_cottage
Temple:   bh_familiar_temple

Skill      XL: |  1  2  3  4  5  6  7  8 |
---------------+-------------------------+-----
Ranged Weapons | 6 7 8 10 12 | 12.5
Dodging        | 3 |  3.3
Armour         | 1 |  1.3
Fighting       | 2 3 |  3.0
Invocations    | 1 3 |  3.9
Stealth        | |  1.2

Action                     |  1- 3 |  4- 6 |  7- 9 || total
---------------------------+-------+-------+-------++-------
   Fire: Shortbow          |   108 |   128 |   238 ||   474
 Invoke: Heroism           |       |       |     1 ||     1
    Use: Scroll            |     2 |     4 |     4 ||    10
 Armour: Leather armour    |    42 |    30 |       ||    72
         Scale mail        |       |    19 |    97 ||   116
  Dodge: Dodged            |    47 |    32 |    63 ||   142

Table legend:
 A = Non-vault XP
 B = Vault XP
 C = Vault XP percentage of total XP
 D = Non-vault monster count
 E = Vault monster count
 F = Vault count percentage of total count
                 A         B        C        D         E       F
            +---------+---------+-------+---------+---------+-------
      Total |    1501 |     571 |  27.6 |     102 |      11 |   9.7
            +---------+---------+-------+---------+---------+-------
        D:1 |      48 |       0 |   0.0 |      21 |       0 |   0.0
        D:2 |      58 |       0 |   0.0 |      19 |       0 |   0.0
        D:3 |     138 |     295 |  68.1 |      15 |       5 |  25.0
        D:4 |     283 |       0 |   0.0 |      18 |       0 |   0.0
        D:5 |     527 |     213 |  28.8 |      15 |       2 |  11.8
        D:6 |     447 |      63 |  12.4 |      14 |       4 |  22.2
            +---------+---------+-------+---------+---------+-------
